 Dungeon Crawl Stone Soup version 0.18.1-48-g4cf74bf (webtiles) character file.

9933 Joat the Nimble (level 11, -6/63 HPs)
             Began as a Deep Elf Wizard on Aug 5, 2016.
             Was an Elder of Vehumet.
             Mangled by a six-headed hydra (10 damage)
             ... on level 11 of the Dungeon.
             The game lasted 03:42:42 (19505 turns).

Joat the Nimble (Deep Elf Wizard)                  Turns: 19505, Time: 03:42:42

Health: -6/63      AC:  8    Str:  4    XL:     11   Next: 29%
Magic:  14/26      EV: 17    Int: 27    God:    Vehumet [****..]
Gold:   354        SH:  6    Dex: 13    Spells: 7 memorised, 10 levels left

rFire  . . .     SeeInvis .     z - +1 long sword (curse)
rCold  . . .     Gourm    .     h - +0 robe {rN+}
rNeg   + . .     Faith    +     l - +1 buckler
rPois  +         Spirit   .     b - +1 hat
rElec  .         Dismiss  .     (no cloak)
rCorr  .         Reflect  .     N - +2 pair of gloves
SustAt .         Harm     .     (no boots)
MR     +....                    F - amulet of faith
Stlth  +++.......               K - ring of poison resistance
                                H - +2 ring of protection

@: repel missiles, somewhat resistant to hostile enchantments, fairly stealthy
A: no striking features
a: Renounce Religion


You were on level 11 of the Dungeon.
You worshipped Vehumet.
Vehumet was greatly pleased with you.
You were not hungry.

You visited 2 branches of the dungeon, and saw 12 of its levels.

You collected 639 gold pieces.
You spent 285 gold pieces at shops.

Inventory:

Hand Weapons
 q - a +3 battleaxe
 z - a cursed +1 long sword (weapon)
 R - a +1 falchion of protection
 Z - the +6 falchion of the Lurker {freeze, MR+ Int+3}
   (You found it on level 7 of the Dungeon)

   It has been specially enchanted to freeze those struck by it, causing extra
   injury to most foes and up to half again as much damage against particularly
   susceptible opponents.
   It can also slow down cold-blooded creatures.
   It affects your intelligence (+3).
   It affects your resistance to hostile enchantments.
Missiles
 j - 6 javelins
 C - 5 throwing nets
 V - 4 tomahawks of returning (quivered)
Armour
 a - a +0 robe
 b - a +1 hat (worn)
 h - a +0 robe of positive energy (worn)
 l - a +1 buckler (worn)
 y - a +2 leather armour of fire resistance
 G - a +2 scale mail of cold resistance
 N - a +2 pair of gloves (worn)
 S - a +1 chain mail of fire resistance
Magical Staves
 L - an uncursed staff of earth
Jewellery
 k - an uncursed amulet of harm {unknown}
 p - an uncursed ring of flight
 F - an amulet of faith (around neck)
 H - a +2 ring of protection (left hand)
 K - a ring of poison resistance (right hand)
 T - an uncursed amulet of dismissal {unknown}
Wands
 e - a wand of confusion (29/48)
 B - a wand of paralysis (14/24)
 D - a wand of paralysis (14/24)
 E - a wand of paralysis (9/24)
 O - a wand of paralysis (7/24)
 U - a wand of iceblast (0/15)
 X - a wand of lightning (0/15)
 Y - a wand of iceblast (2/15)
Scrolls
 f - a scroll of torment {unknown}
 i - a scroll of magic mapping
 n - a scroll of acquirement {unknown}
 A - 8 scrolls of teleportation
 I - 2 scrolls of fear
 M - 2 scrolls of blinking
 Q - a scroll of enchant weapon
Potions
 g - 6 potions of heal wounds
 m - a potion of invisibility
 s - a potion of berserk rage
 t - 2 potions of agility
 v - 2 potions of curing
 x - 2 potions of resistance
 J - 2 potions of might
 P - a potion of cancellation
 W - 2 potions of haste
Books
 c - a book of Minor Magic

   Spells                             Type                      Level
   a - Magic Dart                     Conjuration                  1
   b - Blink                          Translocation                2
   c - Call Imp                       Summoning                    2
   d - Repel Missiles                 Charms/Air                   2
   e - Slow                           Hexes                        2
   f - Conjure Flame                  Conjuration/Fire             3
   g - Mephitic Cloud                 Conjuration/Poison/Air       3
 o - a book of Callings

   Spells                             Type                      Level
   a - Summon Small Mammal            Summoning                    1
   b - Call Imp                       Summoning                    2
   c - Call Canine Familiar           Summoning                    3
   d - Summon Guardian Golem          Hexes/Summoning              3
   e - Summon Lightning Spire         Summoning/Air                4
   f - Summon Ice Beast               Ice/Summoning                4
Miscellaneous
 u - a plain deck of defence
Comestibles
 d - 7 bread rations
 r - 6 meat rations


   Skills:
 - Level 5.0 Fighting
 - Level 2.0 Armour
 - Level 9.1 Dodging
 - Level 5.0 Stealth
 - Level 4.0 Shields
 - Level 9.0 Spellcasting
 + Level 7.9 Conjurations
 - Level 3.6 Charms
   Level 1.1 Summonings
 - Level 4.3 Translocations
 - Level 5.1 Fire Magic
 - Level 5.0 Air Magic
 - Level 4.9 Poison Magic


You had 10 spell levels left.
You knew the following spells:

 Your Spells              Type           Power        Failure   Level  Hunger
a - Magic Dart            Conj           ####         1%          1    None
b - Blink                 Tloc           N/A          1%          2    None
c - Mephitic Cloud        Conj/Pois/Air  #####...     1%          3    None
d - Repel Missiles        Chrm/Air       #####.       1%          2    None
e - Conjure Flame         Conj/Fire      #####...     1%          3    None
f - Static Discharge      Conj/Air       #####...     1%          3    None
z - Iskenderun's Mystic   Conj           ######..     1%          4    #......


Dungeon Overview and Level Annotations

Branches:
Dungeon (11/15)            Temple (1/1) D:7             Orc (0/2) D:11
   Lair: D:8-11

Altars:
Ashenzari
Cheibriados
Dithmenos
Fedhas
Gozag
Kikubaaqudgha
Makhleb
Nemelex Xobeh
Okawaru
Pakellas
Qazlal
Ru
Sif Muna
Trog
Vehumet
Xom
Yredelemnul
Zin
The Shining One

Shops:
D:7 !   D:10 ([*

Annotations:
D:9 TBriggs11TB's ghost, novice MiBe


Message History

The six-headed hydra is struck by lightning.
The six-headed hydra is lightly wounded.
The lightning arcs!
You are struck by lightning.
The lightning grounds out.
The six-headed hydra is engulfed in roaring flames.
The six-headed hydra bites you.
You block the six-headed hydra's attack.
The six-headed hydra bites you! x2
You block the six-headed hydra's attack.
The six-headed hydra bites you!
The six-headed hydra is engulfed in roaring flames.
Casting: Static Discharge
Confirm with . or Enter, or press ? or * to list all spells.
Aiming: Conjure Flame
Press: ? - help, Dir - move target cursor The fire roars!
The six-headed hydra is engulfed in roaring flames.
The six-headed hydra bites you! x2
* * * LOW HITPOINT WARNING * * *
The six-headed hydra barely misses you. The six-headed hydra bites you!
You die...

#.<........##..# #.# #
#####...>..##..# #.# #
#......##..###.###
#......##.........
#......##.......#.
#......##..###..#
#####.##...##)[# #..#
#....D##.<.##.)# #....
#..[.@##..>##..# #...♣
#.....##.......###..♣#
#<....##............♣
#.....##...#........♣
#..........#...##....
#......[...#...##.....
#.....##...#...##.....
#.....##...#...##.....
#..)..##...#...##.....


You could see a six-headed hydra.

Vanquished Creatures
  The ghost of dearth the Cleaver, a journeyman HOFi of Okawaru (D:10)
  Erica (D:9)
  An ugly thing (D:11)
  A cyclops (D:10)
  A troll (D:10)
  2 two-headed ogres (D:9)
  A spriggan (D:8)
  4 yaks (D:10)
  2 hippogriffs
  4 orc warriors
  Purgy (D:3)
  2 ice beasts
  A necrophage (D:8)
  3 black bears (D:8)
  4 phantoms
  4 sky beasts
  10 ogres
  3 centaurs
  2 big kobolds
  4 giant frogs
  A gnoll sergeant (D:8)
  2 scorpions
  4 wights (D:11)
  6 howler monkeys
  2 vampire bats (D:2)
  A centaur zombie (D:5)
  7 crimson imps
  3 giant frog zombies
  7 hounds
  2 quasits
  2 centaur skeletons
  3 jellies
  5 orc priests
  7 orc wizards
  4 gnoll shamans (D:3)
  2 iguanas
  10 worker ants
  A killer bee zombie (D:7)
  2 hound zombies (D:7)
  2 hound skeletons
  A mummy (D:6)
  A worker ant zombie (D:6)
  16 adders
  40 gnolls
  4 shadow imps
  An ooze (D:3)
  3 adder skeletons
  An adder zombie (D:5)
  3 worms
  4 dart slugs
  3 giant geckos
  43 orcs
  A bat skeleton (D:2)
  4 bat zombies (D:2)
  3 giant cockroaches (D:4)
  9 goblins
  17 hobgoblins
  30 jackals
  22 kobolds
  5 quokkas
  2 ball pythons
  6 bats
  4 giant newts
  2 quokka skeletons
  A quokka zombie (D:9)
  11 rats
362 creatures vanquished.

Notes
Turn   | Place    | Note
--------------------------------------------------------------
     0 | D:1      | Joat the Deep Elf Wizard began the quest for the Orb.
     0 | D:1      | Reached XP level 1. HP: 10/10 MP: 7/7
    90 | D:1      | Reached XP level 2. HP: 13/15 MP: 3/9
    99 | D:1      | Learned a level 2 spell: Blink
   493 | D:1      | Learned a level 2 spell: Repel Missiles
   962 | D:2      | Reached XP level 3. HP: 19/19 MP: 3/10
  1417 | D:2      | Reached XP level 4. HP: 24/24 MP: 10/12
  2156 | D:2      | Learned a level 3 spell: Mephitic Cloud
  2160 | D:2      | Learned a level 3 spell: Conjure Flame
  2328 | D:2      | Reached XP level 5. HP: 25/28 MP: 2/13
  2337 | D:2      | Found an ancient bone altar of Kikubaaqudgha.
  2627 | D:3      | Found a sparkling altar of Nemelex Xobeh.
  2664 | D:3      | You fall through a shaft!
  2746 | D:3      | Noticed Purgy
  2757 | D:3      | Killed Purgy
  2757 | D:3      | Reached XP level 6. HP: 6/32 MP: 3/14
  3713 | D:3      | HP: 1/32 [gnoll/spear of pain (7)]
  4149 | D:3      | Reached XP level 7. HP: 32/36 MP: 1/15
  4611 | D:3      | Reached skill level 5 in Conjurations
  4727 | D:3      | Reached skill level 5 in Fire Magic
  4767 | D:3      | Reached skill level 1 in Air Magic
  6311 | D:4      | Found a shattered altar of Ashenzari.
  6366 | D:4      | Reached XP level 8. HP: 40/41 MP: 4/16
  6520 | D:4      | Reached skill level 5 in Air Magic
  6811 | D:5      | Entered Level 5 of the Dungeon
  6883 | D:4      | Reached skill level 1 in Poison Magic
  7550 | D:5      | Found a bloodstained altar of Trog.
  7857 | D:5      | Found a basalt altar of Yredelemnul.
  7857 | D:5      | Found a stormy altar of Qazlal.
  8291 | D:5      | Reached skill level 1 in Charms
  8594 | D:6      | Found a snail-covered altar of Cheibriados.
  8632 | D:5      | Reached skill level 5 in Spellcasting
  9166 | D:6      | Found a shadowy altar of Dithmenos.
  9169 | D:6      | Found an iron altar of Okawaru.
  9600 | D:6      | Reached XP level 9. HP: 45/45 MP: 3/22
 10352 | D:7      | Found a staircase to the Ecumenical Temple.
 10383 | Temple   | Entered the Ecumenical Temple
 10409 | Temple   | Became a worshipper of Vehumet
 10583 | D:7      | Reached skill level 5 in Dodging
 10918 | D:7      | Found Defalyke's Distillery.
 10927 | D:7      | Bought a potion of heal wounds for 65 gold pieces
 10927 | D:7      | Bought a potion of heal wounds for 65 gold pieces
 11038 | D:7      | Got a bloodstained falchion
 11040 | D:7      | Identified the +6 falchion of the Lurker {freeze, MR+ Int+3} (You found it on level 7 of the Dungeon)
 11161 | D:6      | Reached skill level 1 in Fighting
 11454 | D:8      | Reached * piety under Vehumet
 11454 | D:8      | Offered knowledge of Freeze by Vehumet.
 12538 | D:8      | Offered knowledge of Throw Frost by Vehumet.
 12780 | D:9      | Reached ** piety under Vehumet
 13087 | D:9      | Found a shadowy altar of Dithmenos.
 13093 | D:9      | Noticed Erica
 13191 | D:9      | Reached XP level 10. HP: 56/56 MP: 17/24
 13624 | D:9      | Killed Erica
 13624 | D:9      | Reached skill level 1 in Armour
 13937 | D:8      | Offered knowledge of Inner Flame by Vehumet.
 14660 | D:9      | Reached *** piety under Vehumet
 14944 | D:10     | Entered Level 10 of the Dungeon
 15069 | D:10     | Offered knowledge of Iskenderun's Mystic Blast by Vehumet.
 15086 | D:10     | Learned a level 4 spell: Iskenderun's Mystic Blast
 15104 | D:10     | Reached skill level 5 in Fighting
 15163 | D:10     | Reached skill level 5 in Stealth
 15508 | D:10     | Found Vaamodee's Antique Armour Emporium.
 15511 | D:10     | Bought an embroidered robe for 16 gold pieces
 15511 | D:10     | Bought a buckler for 103 gold pieces
 15575 | D:10     | Noticed a cyclops
 15581 | D:10     | Killed a cyclops
 15689 | D:10     | Found Duipy's Antique Weapon Emporium.
 15886 | D:10     | Found Kohalaoj's Assorted Antiques.
 15903 | D:10     | Bought a scroll labeled LUWIFIFOIZE for 18 gold pieces
 15903 | D:10     | Bought a scroll labeled USKIPLO LOYJIACRA for 18 gold pieces
 15913 | D:10     | Reached **** piety under Vehumet
 16056 | D:10     | Noticed dearth's ghost (journeyman HOFi)
 16343 | D:9      | Noticed TBriggs11TB's ghost (novice MiBe)
 17225 | D:11     | Found a staircase to the Orcish Mines.
 17306 | D:11     | Got a distressingly furry chain mail
 17327 | D:11     | Identified the +9 chain mail of the Beggar {Dex+3} (You found it on level 11 of the Dungeon)
 17377 | D:11     | Noticed a purple ugly thing
 17591 | D:11     | Reached XP level 11. HP: 63/63 MP: 16/26
 17772 | D:4      | Offered knowledge of Static Discharge by Vehumet.
 19087 | D:10     | Killed dearth's ghost
 19276 | D:11     | Killed a purple ugly thing
 19291 | D:11     | Learned a level 3 spell: Static Discharge
 19447 | D:11     | Noticed a six-headed hydra
 19505 | D:11     | Mangled by a six-headed hydra

Skill      XL: |  1  2  3  4  5  6  7  8  9 10 11 |
---------------+----------------------------------+-----
Conjurations   | 2 3 4 5 7 |  7.9
Translocations | 3 4 |  4.3
Fire Magic     | 2 4 5 |  5.1
Air Magic      | 4 5 |  5.0
Poison Magic   | 4 |  4.9
Charms         | 3 |  3.6
Spellcasting   | 7 8 9 |  9.0
Dodging        | 7 9 |  9.1
Fighting       | 3 5 |  5.0
Stealth        | 3 5 |  5.0
Armour         | 2 |  2.0
Shields        | 3 4 |  4.0
Summonings     | |  1.1

Action                   |  1- 3 |  4- 6 |  7- 9 | 10-12 || total
-------------------------+-------+-------+-------+-------++-------
Melee: Dagger            |     1 |     4 |       |       ||     5
       Short sword       |    12 |     1 |       |       ||    13
       War axe           |       |    25 |     7 |       ||    32
       Spear             |       |       |   163 |       ||   163
       Falchion          |       |       |    53 |    43 ||    96
Throw: Stone             |       |     9 |       |       ||     9
       Javelin           |       |     6 |       |    24 ||    30
       Tomahawk          |       |       |       |     9 ||     9
       Throwing net      |       |       |       |     2 ||     2
 Cast: Magic Dart        |    74 |   176 |   662 |   416 ||  1328
       Repel Missiles    |     1 |       |     1 |     2 ||     4
       Conjure Flame     |       |     5 |    26 |    40 ||    71
       Mephitic Cloud    |       |       |     7 |     9 ||    16
       Blink             |       |       |    11 |    11 ||    22
       Iskenderun's Myst |       |       |       |    44 ||    44
       Static Discharge  |       |       |       |     7 ||     7
 Abil: Evoke Flight      |       |       |     3 |       ||     3
Evoke: Wand              |       |       |       |     5 ||     5
  Use: Potion            |       |     3 |       |     1 ||     4
       Scroll            |       |     1 |    20 |     6 ||    27
 Stab: Sleeping          |     3 |     1 |     4 |       ||     8
  Eat: Chunk             |     1 |     3 |    17 |    11 ||    32
       Bread ration      |       |     1 |       |     1 ||     2
       Pizza             |       |     1 |     1 |     1 ||     3
       Meat ration       |       |       |     2 |       ||     2
       Beef jerky        |       |       |       |     1 ||     1
       Royal jelly       |       |       |       |     1 ||     1
Armor: Robe              |     4 |    23 |   109 |     7 ||   143
       Leather armour    |       |       |       |    50 ||    50
Dodge: Dodged            |    22 |   105 |   214 |   121 ||   462
       Deflected         |       |       |     9 |     4 ||    13
Block: Buckler           |       |       |       |     6 ||     6
